AoeStats
← Bunderworld

Arabia

506728532Analyzed
3v3 RM · 17d ago on Sep 14, 2026· 48m 46s· 6 players
Game mode
Random Map
Map size
Normal (6 player)
Population
200
Speed
Normal
Resources
Standard
Victory
Conquest
Starting age
Dark Age
Ending age
Imperial Age
RankedLock teamsTeams togetherTeam positionsShared explorationLock speedFull tech treeHidden civsTurbo modeCheats
Victory
Defeat
🇦🇷 Wei · Argentina
1062
+12
🇦🇷 Maya · Argentina
997
+14
990
+15
🇦🇷 Turks · Argentina
1013
-17
🇨🇴 Poles · Colombia
961
-13
🇦🇷 Byzantines · Argentina
906
-11
INSANE-
3:49 Loom
10:23 Feudal Age
10:50 Double-Bit Axe
11:33 Horse Collar
16:21 Wheelbarrow
16:10 Gold Mining
21:26 Castle Age
20:27 Stone Mining
20:54 Fletching
21:04 Padded Archer Armor
22:13 Husbandry
22:52 Bow Saw
24:21 Bloodlines
24:49 Bodkin Arrow
25:26 Leather Archer Armor
27:14 Hand Cart
27:50 Ballistics
27:27 Town Watch
28:09 Thumb Ring
37:00 Imperial Age
35:01 Scale Barding Armor
35:07 Forging
38:54 Chemistry
38:46 Bracer
39:16 Ring Archer Armor
39:22 Ming Guang Armor
40:11 Heavy Plow
41:40 Parthian Tactics
42:14 Chain Barding Armor
42:29 Iron Casting
42:41 Heavy Hei Guang Cavalry
43:01 Light Cavalry
loto95
0:37 Loom
12:11 Feudal Age
13:52 Double-Bit Axe
16:42 Castle Age
15:53 Gold Mining
15:54 Stone Mining
15:48 Horse Collar
17:38 Forging
20:21 Scale Mail Armor
21:05 Iron Casting
21:38 Wheelbarrow
21:17 Squires
21:35 Eagle Warrior
31:18 Stone Mining
31:40 Bow Saw
32:54 Hand Cart
32:52 Arson
33:27 Town Watch
36:14 Chain Mail Armor
39:13 Imperial Age
40:24 Plate Mail Armor
40:55 Blast Furnace
40:26 Elite Eagle Warrior
41:58 Holcans
43:31 Heavy Plow
Arrebatador De Fisuras♛
0:32 Loom
11:02 Feudal Age
11:38 Double-Bit Axe
11:36 Horse Collar
17:50 Castle Age
18:39 Gold Mining
19:52 Heavy Plow
22:27 Stone Mining
22:55 Elite Skirmisher
27:39 Wheelbarrow
28:12 Husbandry
28:24 Bloodlines
29:42 Scale Barding Armor
29:47 Forging
31:23 Fletching
31:34 Padded Archer Armor
32:04 Bodkin Arrow
33:16 Chain Barding Armor
38:49 Imperial Age
39:05 Imperial Skirmisher
40:05 Leather Archer Armor
39:50 Bracer
41:28 Bow Saw
42:36 Chemistry
43:08 Elite Battle Elephant
47:03 Chatras
Karambit Libertario
11:27 Feudal Age
13:52 Loom
18:29 Castle Age
16:59 Double-Bit Axe
17:00 Horse Collar
19:57 Bow Saw
22:04 Wheelbarrow
27:03 Heavy Plow
33:37 Hand Cart
39:01 Imperial Age
41:10 Fletching
42:37 Two-Man Saw
41:46 Bodkin Arrow
44:22 Bloodlines
47:41 Scale Barding Armor
49:00 Chain Barding Armor
olmes
7:19 Loom
10:07 Feudal Age
12:32 Double-Bit Axe
12:30 Horse Collar
22:18 Wheelbarrow
22:25 Forging
22:21 Scale Barding Armor
22:21 Arson
25:37 Castle Age
26:07 Pikeman
27:03 Bow Saw
26:30 Light Cavalry
27:11 Husbandry
28:04 Heavy Plow
29:40 Hand Cart
29:08 Elite Skirmisher
29:45 Fletching
29:57 Padded Archer Armor
35:27 Bodkin Arrow
35:47 Leather Archer Armor
42:10 Husbandry
42:37 Chain Barding Armor
42:24 Light Cavalry
Bunderworld
0:31 Loom
10:31 Feudal Age
12:23 Horse Collar
13:20 Double-Bit Axe
18:25 Castle Age
19:51 Stone Mining
20:45 Bow Saw
21:21 Heavy Plow
21:40 Gold Mining
21:38 Town Watch
26:16 Wheelbarrow
25:58 Forging
25:54 Scale Barding Armor
25:56 Light Cavalry
27:15 Bloodlines
27:06 Husbandry
40:50 Elite Skirmisher
41:36 Thumb Ring
Connection lost

Rejoining the realm…

Still unreachable

The connection could not be restored.

Session expired

The server has moved on; the page needs a fresh start.